 Dungeon Crawl Stone Soup version 0.27-a0-1154-gfdeffcb720 (webtiles) character file.

Game seed: 15864866098824337282

2016927 porpoise the Slayer (level 27, 215/215 HPs)
             Began as a Djinni Venom Mage on May 10, 2021.
             Was the Champion of Makhleb.
             Escaped with the Orb
             ... and 4 runes on May 15, 2021!
             The game lasted 09:32:28 (95698 turns).

porpoise the Slayer (Djinni Venom Mage)            Turns: 95698, Time: 09:32:29

Health: 215/215    AC: 32    Str: 11    XL:     27
Gold:   6086       EV: 24    Int: 38    God:    Makhleb [******] SH: 19 Dex: 17

rFire    + + +     SeeInvis +   a - +3 Elemental Staff {rElec rF++ rC++ Will++ AC+5}
rCold    + + .     Faith    .   f - +5 kite shield {reflect}
rNeg     + . .     Spirit   .   E - +6 acid dragon scales "Kesil" {*Slow rElec rC+ rN+ rCorr}
rPois    ∞         Reflect  +   (helmet restricted)
rElec    +         Harm     .   m - +4 dragonskin cloak
rCorr    +         Rampage  .   H - +3 pair of gloves of Basok {rPois rC+ Int+4}
Will     +++++     Clarity  +   (boots unavailable)
Stlth    +.........             V - amulet of the acrobat
HPRegen  0.45/turn              Y - ring "Ceshyuc" {Fire +Blink Int+4}
MPRegen  0.00/turn              k - ring of Bicynax {*Slow rPois Str+3 Int+6 SInv}

@: flying, studying 4 skills
A: sickness immunity, fire resistance 2, cold vulnerability 1, float, innate
caster, hp casting, extra vitality 1, antennae 1, clarity, deterioration 1,
dopey 1, strong-willed 1, sense surroundings 1
0: Orb of Zot
}: 4/15 runes: barnacled, slimy, silver, gossamer
a: Renounce Religion, Evoke Blink, Minor Destruction, Lesser Servant of Makhleb,
Major Destruction, Greater Servant of Makhleb


You escaped.
You worshipped Makhleb.
Makhleb was exalted by your worship.
You visited 11 branches of the dungeon, and saw 55 of its levels.
You also visited: Gauntlet.

You collected 8502 gold pieces.
You spent 2416 gold pieces at shops.

Inventory:

Hand Weapons
 a - the +3 Elemental Staff (weapon) {rElec rF++ rC++ Will++ AC+5}
   (You found it on level 3 of the Elven Halls)

   It affects your AC (+5).
   It greatly protects you from fire.
   It greatly protects you from cold.
   It insulates you from electricity.
   It greatly increases your willpower.
 b - the +9 hunting sling of Irritation {freeze, rF+ Dex+6}
   (You found it on level 5 of the Lair of Beasts)

   It causes projectiles fired from it to freeze those they strike, causing
   extra injury to most foes and up to half again as much damage against
   particularly susceptible opponents.
   They can also slow down cold-blooded creatures.
   It affects your dexterity (+6).
   It protects you from fire.
Missiles
 e - 321 sling bullets
 g - 2 boomerangs
 t - 9 throwing nets
 P - 51 silver javelins (quivered)
Armour
 f - a +5 kite shield of reflection (worn)
 l - the +0 helmet of Objectivity {rC+ Slay+4}
   (You found it on level 4 of the Realm of Zot)

   It affects your accuracy and damage with ranged weapons and melee attacks
   (+4).
   It protects you from cold.
 m - the +4 dragonskin cloak (worn)
   (You took it off Tiamat on level 1 of the Realm of Zot)
 E - the +6 acid dragon scales "Kesil" (worn) {*Slow rElec rC+ rN+ rCorr}
   (You took it off a hobgoblin on level 4 of the Dungeon)

   It protects you from cold.
   It insulates you from electricity.
   It protects you from negative energy.
   It protects you from acid and corrosion.
   It may slow you when you take damage.
 H - the +3 pair of gloves of Basok (worn) {rPois rC+ Int+4}
   (You found it on level 4 of the Shoals)

   It affects your intelligence (+4).
   It protects you from cold.
   It protects you from poison.
 I - a +2 helmet
Jewellery
 k - the ring of Bicynax (right hand) {*Slow rPois Str+3 Int+6 SInv}
   (You found it in a Gauntlet)

   [ring of intelligence]

   It affects your strength (+3).
   It affects your intelligence (+6).
   It protects you from poison.
   It lets you see invisible.
   It may slow you when you take damage.
 V - an amulet of the acrobat (around neck)
 Y - the ring "Ceshyuc" (left hand) {Fire +Blink Int+4}
   (You took it off an ironbound preserver on level 5 of the Vaults)

   [ring of fire]

   It enhances your fire magic.
   It affects your intelligence (+4).
   It protects you from fire.
   It makes you vulnerable to cold.
   It lets you blink.
Wands
 p - a wand of mindburst (67)
 s - a wand of polymorph (5)
 C - a wand of digging (5)
 F - a wand of paralysis (53)
 J - a wand of charming (61)
 L - a wand of iceblast (41)
 R - a wand of acid (32)
Scrolls
 d - 23 scrolls of teleportation
 o - 19 scrolls of fear
 u - 9 scrolls of fog
 v - 4 scrolls of silence
 y - 3 scrolls of summoning
 M - a scroll of holy word
 O - 7 scrolls of vulnerability
 T - a scroll of blinking
 Z - 26 scrolls of identify
Potions
 c - 4 potions of haste
 h - 10 potions of lignification
 i - 3 potions of heal wounds
 j - 7 potions of invisibility
 x - a potion of mutation
 A - 3 potions of might
 B - 22 potions of curing
 D - 8 potions of ambrosia
 K - 3 potions of resistance
 S - a potion of cancellation
Miscellaneous
 n - a phial of floods
 q - a tin of tremorstones (2/2)
 r - a condenser vane
 Q - a box of beasts
 W - a phantom mirror


   Skills:
 + Level 23.3 Fighting
 - Level 12.0 Staves
 - Level 12.0(12.5) Slings
 - Level 6.2(10.0) Throwing
 - Level 18.0 Armour
 + Level 21.8 Dodging
 - Level 1.5 Stealth
 - Level 18.0 Shields
 - Level 20.0 Spellcasting
 - Level 15.0 Invocations
 - Level 14.0 Evocations


You couldn't memorise any spells.
You knew the following spells:

 Your Spells              Type           Power      Damage    Failure   Level
a - Sting                 Tmut/Pois      100%       1d8       0%          1
b - Bolt of Magma         Conj/Fire/Erth 94%        4d35      0%          5
c - Call Imp              Summ           100%       N/A       0%          2
d - Animate Dead          Necr           56%        N/A       0%          4
e - Metabolic Englaciati  Hex/Ice        68%        N/A       0%          5
f - Summon Small Mammal   Summ           100%       N/A       0%          1
g - Malign Gateway        Summ/Tloc      56%        N/A       1%          7
h - Borgnjor's Revivific  Necr           56%        N/A       1%          8
i - Ignite Poison         Fire/Tmut/Pois 100%       N/A       0%          3
j - Disjunction           Tloc           56%        N/A       1%          8
k - Death's Door          Necr           56%        N/A       26%         9
l - Chain Lightning       Conj/Air       68%        N/A       1%          8
m - Mephitic Cloud        Conj/Pois/Air  100%       N/A       0%          3
o - Olgreb's Toxic Radia  Pois           100%       N/A       0%          4
p - Portal Projectile     Hex/Tloc       100%       N/A       0%          3
r - Dispersal             Tloc           56%        N/A       1%          6
s - Statue Form           Tmut/Erth      91%        N/A       1%          6
v - Poisonous Vapours     Pois/Air       100%       N/A       0%          2
Your spell library was empty.

Dungeon Overview and Level Annotations

Branches:
Dungeon (15/15)            Temple (1/1) D:4            Lair (6/6) D:8
 Shoals (4/4) Lair:4       Spider (4/4) Lair:4        Slime (5/5) Lair:6
    Orc (2/2) D:11            Elf (3/3) Orc:2        Vaults (5/5) D:14
  Crypt (0/3) Vaults:3     Depths (5/5) D:15            Zot (5/5) Depths:5
Gauntlet (visited)

Altars:
Ashenzari
Cheibriados
Dithmenos
Elyvilon
Fedhas
Gozag
Hepliaklqana
Kikubaaqudgha
Makhleb
Nemelex Xobeh
Okawaru
Qazlal
Ru
Sif Muna
Trog
Uskayaw
Vehumet
Wu Jian
Xom
Yredelemnul
Zin
The Shining One
Beogh
Jiyva

Shops:
D:14 *   D:15 [(:   Orc:2 [*:   Vaults:1 [   Vaults:5 =   Depths:1 [
Depths:2 *   Depths:4 *   Depths:5 [

Portals:
Hell: Depths:1 Depths:2 Depths:3 Depths:4 Depths:5
Abyss: Depths:1 Depths:4 Depths:5
Pandemonium: Depths:1 Depths:3 Depths:4 Depths:5
Ziggurat: Depths:3


Innate Abilities, Weirdness & Mutations

You are immune to sickness and miasma.
You are immune to poison.
Your flesh is very heat resistant. (rF++)
You are vulnerable to cold. (rC-)
You float through the air rather than walking.
You learn spells naturally, not from books.
Your magical power is your life essence.
You have superior vitality. (+4 HP)
You have a pair of small antennae on your head.
You possess an exceptional clarity of mind.
Your body sometimes deteriorates upon taking damage.
You are dopey. (Int -2)
You are strong-willed. (Will+)
You passively map a small area around you.


Message History

Confirm with . or Enter, or press ? or * to list all spells.
Aiming: Bolt of Magma (safe; 0% risk of failure)
Press: ? - help, Shift-Dir - straight line, f - ice devil
Aim: an ice devil (81% to hit)
You feel a huge surge of power!
The bolt of magma hits the ice devil!!!!
The ice devil is burned terribly!
You kill the ice devil!
Makhleb accepts your kill.
There is a stone staircase leading up here.
You fly upwards.
There is a stone staircase leading down here.
There is a stone staircase leading up here.
You fly upwards.
There is a stone staircase leading down here.
Unknown command.
Unknown command.
Aiming: Dig
Press: ? - help, Shift-Dir - straight line A rock wall.
This square is covered in magical glow.
The rock shatters into small pieces.
An ice devil comes into view.
Aiming: Dig
Press: ? - help, Shift-Dir - straight line A rock wall.
This square is covered in magical glow.
The rock shatters into small pieces.
Casting: Bolt of Magma (safe; 0% risk of failure)
Confirm with . or Enter, or press ? or * to list all spells.
Aiming: Bolt of Magma (safe; 0% risk of failure)
Press: ? - help, Shift-Dir - straight line, f - ice devil
Aim: an ice devil (81% to hit)
You feel a huge surge of power!
The bolt of magma hits the ice devil!!!
The ice devil is burned terribly!
You kill the ice devil!
Makhleb accepts your kill.
You feel better.
There is a staircase leading out of the dungeon here.
You have escaped!

#.#.# #...#..# ##.....)#
#.#.### #......# #......#
#.#...#
####...#.########......##
#.###.#
#P.............P#.#......
#.# #.#
#≈P...........P≈#.#......
#.###.#
#≈≈P.........P≈≈#.#......
....#.#
#≈≈≈P.......P≈≈≈#.#......
....#.#
#≈≈≈≈P.....P≈≈≈≈#.#......
....#.#
#≈≈≈≈≈P.@.P≈≈≈≈≈#........
#.###.#
#≈≈≈≈P.....P≈≈≈≈##.......
#.###.#
#≈≈≈P.......P≈≈≈##.......
#.÷†..#
#≈≈P.........P≈≈##...†...
#######
#≈P...........P≈##...####
#P.............P#....#
########.########.#..#
#..........#..#
##########.#..#


There were no monsters in sight!

Vanquished Creatures
  the Royal Jelly (Slime:5)
  3 dread liches
  3 orbs of fire (Zot:5)
  7 ancient liches
  The ghost of Caetesh the Imperceptible, a master GnFi of Cheibriados (Depths:4)
  Boris (Vaults:3)
  Sojobo (Vaults:2)
  Frederick (Vaults:4)
  3 Killer Klowns (Zot:5)
  Bai Suzhen (Vaults:2)
  5 caustic shrikes (Depths:4)
  16 golden dragons
  A pandemonium lord (D:13)
  3 curse toes
  Nikola (Vaults:1)
  3 electric golems
  32 Orb Guardians
  Rupert (D:13)
  An Ice Fiend (D:7)
  Jorgrun (Shoals:1)
  12 tentacled monstrosities
  3 liches
  3 deep elf blademasters
  9 quicksilver dragons
  6 titans
  23 acid blobs
  8 death cobs
  A kraken (Shoals:4)
  2 deep elf master archers (Elf:3)
  7 sphinxes
  7 shadow dragons
  4 tengu reavers
  Kirke (D:12)
  Frances (D:14)
  14 storm dragons
  11 draconian monks
  Donald (Orc:2)
  6 rockslimes (Slime:5)
  5 azure jellies
  14 fire giants
  4 draconian knights
  7 ghost moths
  7 deep elf sorcerers
  7 draconian scorchers
  9 frost giants
  Louise (D:14)
  6 draconian shifters
  2 balrugs (Zot:2)
  15 vault wardens
  Aizul (Vaults:3)
  5 draconian annihilators
  2 deep elf elementalists
  6 orc warlords
  7 draconian stormcallers
  A caustic shrike zombie (Depths:3)
  2 war gargoyles (Vaults:2)
  15 ironbound preservers
  3 spriggan defenders
  45 very ugly things
  A reaper (Depths:3)
  A caustic shrike skeleton (Depths:3)
  11 quicksilver oozes
  15 stone giants
  12 green draconians
  10 black draconians
  6 deep elf demonologists
  A vampire knight (Depths:3)
  A minotaur (Gauntlet)
  6 deep elf annihilators
  7 dire elephants
  12 purple draconians
  14 yellow draconians
  6 spark wasps
  7 white draconians
  6 entropy weavers
  4 merfolk javelineers
  17 red draconians
  An eleionoma (shapeshifter) (Vaults:5)
  8 deep elf death magi
  14 yaktaur captains
  Snorg (D:10)
  10 ettins
  A spectral quicksilver dragon (Depths:4)
  A green death (Zot:3)
  A crystal guardian (Vaults:2)
  10 merfolk impalers
  2 spectral golden dragons (Depths:4)
  17 fire dragons
  5 deep elf high priests
  9 hydras
  13 great orbs of eyes
  36 vault guards
  A salamander tyrant (Depths:3)
  5 rakshasas
  11 boulder beetles
  12 ironbound thunderhulks
  A juggernaut simulacrum (Depths:4)
  2 merfolk avatars (Shoals:3)
  5 spriggan air magi
  An anaconda (shapeshifter) (Vaults:5)
  3 catoblepae (Lair:6)
  9 ice dragons
  Erica (D:9)
  7 two-headed ogres
  A nameless horror (Lair:4)
  16 centaur warriors
  4 merfolk aquamancers
  A death knight (D:13)
  4 deep troll shamans
  8 tengu warriors
  7 ironbound frosthearts
  An alligator snapping turtle (Shoals:3)
  3 vampire magi
  3 deep troll earth magi (Depths:4)
  15 death yaks
  7 ironbound beastmasters
  21 dancing weapons
  6 orc high priests
  11 spriggan berserkers
  2 sun demons
  A hell hog (Depths:3)
  Sonja (D:13)
  A soul eater (D:12)
  14 deep elf knights
  A fire crab (D:13)
  2 hell knights
  2 skeletal warriors (D:15)
  2 iron trolls
  11 sea snakes
  Nergalle (D:11)
  49 deep trolls
  2 flayed ghosts
  5 glowing orange brains
  2 shadow demons
  3 phantasmal warriors
  A swamp dragon (shapeshifter) (Depths:5)
  9 deep elf archers
  4 harpies
  6 lindwurms
  10 necromancers
  18 ironbound convokers
  14 orc knights
  13 wizards
  An iron dragon zombie (Depths:3)
  20 orb spiders
  42 deep elf pyromancers
  A stone giant zombie (Vaults:4)
  50 wolf spiders
  A tengu skeleton (Depths:3)
  A shining eye (shapeshifter) (Vaults:4)
  27 deep elf zephyrmancers
  10 orc sorcerers
  4 cyclopes
  A wolf spider (shapeshifter) (Vaults:2)
  32 ugly things
  22 manticores
  3 salamanders (Depths:3)
  A sphinx skeleton (Vaults:1)
  2 shining eyes
  2 manticores (shapeshifter)
  A frost giant skeleton (Vaults:2)
  An iron dragon skeleton (Depths:3)
  22 moths of wrath
  4 merfolk sirens (Shoals:4)
  Maurice (D:9)
  2 black mambas (Lair:6)
  An eye of devastation (shapeshifter) (Vaults:4)
  6 water nymphs
  2 fire giant skeletons
  3 molten gargoyles (Depths:3)
  7 eyes of devastation
  9 cane toads
  A smoke demon (Depths:3)
  27 vault sentinels
  A rust devil (D:13)
  A titan simulacrum (Depths:4)
  A centaur skeleton (D:14)
  2 torpor snails (shapeshifter)
  8 rime drakes
  2 gargoyles
  2 torpor snails
  A yaktaur zombie (Vaults:1)
  An unseen horror (D:13)
  8 kobold demonologists
  A freezing wraith (Vaults:3)
  10 komodo dragons
  2 cane toads (shapeshifter)
  33 yaktaurs
  2 tengu conjurers
  3 efreet
  11 demonic crawlers
  A yaktaur skeleton (Vaults:4)
  3 golden dragon simulacra
  A red devil (Depths:5)
  35 merfolk
  2 spectral glowing shapeshifters (Depths:4)
  3 ice devils
  A hellwing (D:13)
  9 trolls
  29 jumping spiders
  A polar bear (shapeshifter) (Vaults:5)
  11 hornets
  3 polar bears
  A queen bee (Gauntlet)
  18 blink frogs
  3 dream sheep
  7 wind drakes
  A deep troll zombie (Vaults:1)
  A raiju (shapeshifter) (Elf:3)
  6 snapping turtles
  99 slime creatures
  A snapping turtle (shapeshifter) (D:15)
  3 meliai zombies
  A centaur simulacrum (D:15)
  2 spriggan simulacra (Depths:4)
  An elf zombie (Vaults:1)
  56 redbacks
  7 spriggans
  A shadow (D:10)
  29 tarantellas
  17 water elementals
  A spriggan (shapeshifter) (Elf:1)
  A tarantella (shapeshifter) (D:14)
  5 wyverns
  Eustachio (D:4)
  2 vampires
  A wraith (D:11)
  7 fire elementals
  A hog (shapeshifter) (Vaults:5)
  54 yaks
  Grum (D:11)
  2 large abominations
  6 basilisks
  5 hogs (D:12)
  3 fire bats (Lair:5)
  A golden eye (shapeshifter) (D:15)
  5 steam dragons
  3 human simulacra
  8 golden eyes
  A chaos spawn (Depths:5)
  An elf skeleton (Vaults:4)
  7 vampire mosquitoes
  An elf simulacrum (Depths:4)
  A neqoxec (Depths:5)
  A harpy simulacrum (D:14)
  6 wargs
  2 acid dragons
  16 water moccasins
  Duvessa (D:4)
  A floating eye (shapeshifter) (Depths:1)
  4 floating eyes
  A swamp drake (Orc:1)
  2 ice beasts
  33 orc warriors
  A necrophage (D:7)
  2 sky beasts (D:6)
  A black bear (Lair:5)
  3 boggarts (Depths:4)
  6 ogres
  17 wolves
  14 centaurs
  15 bullfrogs
  2 gnoll sergeants
  9 kobold brigands
  5 scorpions
  2 human skeletons (Vaults:1)
  2 earth elementals
  A glowing shapeshifter simulacrum (Depths:4)
  Dowan (D:4)
  8 wights
  8 killer bees
  3 small abominations (Gauntlet)
  3 electric eels
  2 howler monkeys (D:9)
  4 bullfrog zombies
  A crimson imp (Orc:1)
  4 centaur zombies
  36 orc priests
  3 hounds
  2 jellies
  An iguana (D:7)
  An iron imp (Orc:1)
  24 orc wizards
  8 hell rats
  The ghost of Scarexists the Sneak, a weakling HuDe (D:6)
  A hound skeleton (D:4)
  A howler monkey zombie (D:5)
  Robin (D:4)
  A howler monkey skeleton (D:6)
  13 gnolls
  11 adders
  6 river rats (Lair:4)
  A shadow imp (Orc:1)
  2 white imps
  2 ufetubi
  An adder skeleton (D:4)
  A dart slug (D:1)
  100 orcs
  5 endoplasms
  3 giant cockroaches (D:4)
  9 goblins
  10 hobgoblins
  8 jackals
  37 kobolds
  2 quokkas
  4 ball pythons
  5 bats
  4 frilled lizards
  2 rats
  A plant (Lair:6)
  A tentacle (Shoals:4)
2331 creatures vanquished.

Vanquished Creatures (collateral kills)
  2 orbs of fire (Zot:5)
  Tiamat (Zot:1)
  Boris (Depths:1)
  Xtahua (Vaults:4)
  A golden dragon (Depths:5)
  A sphinx (Depths:2)
  2 tengu reavers (Vaults:2)
  A storm dragon (Zot:3)
  A fire giant (Depths:2)
  5 emperor scorpions
  2 very ugly things (Depths:2)
  An ironbound preserver (Vaults:1)
  A deep elf elementalist (Elf:3)
  2 entropy weavers (Spider:2)
  A deep elf annihilator (Elf:3)
  A purple draconian (Zot:5)
  A yellow draconian (Zot:1)
  A red draconian (Zot:1)
  An ettin (Depths:2)
  A great orb of eyes (Vaults:1)
  A nameless horror (Elf:3)
  A skeletal warrior (D:14)
  2 deep trolls (Vaults:1)
  2 wolf spiders
  4 ugly things
  A moth of wrath (Spider:3)
  2 centaur skeletons (D:14)
  4 demonic crawlers (Spider:3)
  2 jumping spiders (Spider:4)
  7 slime creatures
  A harpy skeleton (D:14)
  7 redbacks
  A centaur zombie (D:5)
63 creatures vanquished.

Vanquished Creatures (others)
  23 eldritch tentacles
  A moth of wrath (Zot:2)
  14 demonic plants (Gauntlet)
  17 fungi
  56 plants
  3 tentacles (Shoals:4)
114 creatures vanquished.

Grand Total: 2508 creatures vanquished

Notes
Turn   | Place    | Note
-------+----------+-------------------------------------------
     0 | D:1      | porpoise the Djinni Venom Mage began the quest for the Orb.
     0 | D:1      | Reached XP level 1. HP: 15/15 MP: 0/0
   284 | D:1      | Reached skill level 1 in Fighting
   284 | D:1      | Reached XP level 2. HP: 19/22 MP: 0/0
  1009 | D:1      | Reached XP level 3. HP: 23/27 MP: 0/0
  1009 | D:1      | Learned a level 1 spell: Summon Small Mammal
  1459 | D:2      | Reached skill level 2 in Fighting
  1912 | D:2      | Reached XP level 4. HP: 22/34 MP: 0/0
  2326 | D:3      | Found an opulent altar of Gozag.
  2365 | D:3      | Reached skill level 3 in Fighting
  2365 | D:3      | Reached XP level 5. HP: 2/40 MP: 0/0
  2365 | D:3      | Learned a level 2 spell: Call Imp
  2594 | D:3      | Found a glowing golden altar of the Shining One.
  3331 | D:4      | Found a staircase to the Ecumenical Temple.
  3332 | D:4      | Noticed Eustachio
  3344 | D:4      | Killed Eustachio
  3345 | D:4      | Reached skill level 4 in Fighting
  3345 | D:4      | Reached XP level 6. HP: 18/48 MP: 0/0
  3586 | Temple   | Entered the Ecumenical Temple
  3673 | D:4      | Found a sparkling altar of Nemelex Xobeh.
  3716 | D:4      | Noticed an ice beast
  3723 | D:4      | Killed an ice beast
  3724 | D:4      | Reached skill level 5 in Spellcasting
  3724 | D:4      | Reached XP level 7. HP: 47/53 MP: 0/0
  3724 | D:4      | Learned a level 3 spell: Portal Projectile
  3729 | D:4      | Reached skill level 5 in Fighting
  4059 | D:4      | Noticed Robin
  4061 | D:4      | Killed Robin
  4268 | D:4      | Identified the +6 acid dragon scales "Kesil" {*Slow rElec
                  | rC+ rN+ rCorr}
  4471 | D:4      | Found a hide-covered altar of Uskayaw.
  4540 | D:4      | Noticed Duvessa
  4542 | D:4      | Noticed Dowan
  4546 | D:4      | Killed Dowan
  4547 | D:4      | Killed Duvessa
  4548 | D:4      | Reached skill level 6 in Fighting
  4548 | D:4      | Reached XP level 8. HP: 39/61 MP: 0/0
  5092 | D:5      | Entered Level 5 of the Dungeon
  5123 | D:5      | Found a glowing silver altar of Zin.
  5520 | D:5      | Found a burning altar of Makhleb.
  5529 | D:5      | Became a worshipper of Makhleb the Destroyer
  5916 | D:5      | Found a stormy altar of Qazlal.
  6151 | D:6      | Reached skill level 7 in Fighting
  6316 | D:6      | Reached skill level 1 in Armour
  6486 | D:6      | Found an iron altar of Okawaru.
  6691 | D:6      | Reached XP level 9. HP: 53/68 MP: 0/0
  6691 | D:6      | Learned a level 4 spell: Animate Dead
  6774 | D:6      | Reached * piety under Makhleb
  6994 | D:6      | Found a runed translucent gate.
  6994 | D:6      | Found a runed translucent gate.
  6994 | D:6      | Found a runed translucent gate.
  6994 | D:6      | Noticed Scarexists's ghost (weakling HuDe)
  6996 | D:6      | Found a basalt altar of Yredelemnul.
  7017 | D:6      | Killed Scarexists's ghost
  7523 | D:7      | Reached skill level 5 in Dodging
  7658 | D:7      | Reached skill level 5 in Armour
  7658 | D:7      | Reached skill level 1 in Invocations
  7856 | D:7      | Found a bloodstained altar of Trog.
  7895 | D:7      | Reached skill level 1 in Evocations
  8673 | D:8      | Identified a scroll of acquirement
  8673 | D:8      | Acquired a manual of Armour
  8857 | D:8      | Reached ** piety under Makhleb
  9102 | D:8      | Reached XP level 10. HP: 65/75 MP: 0/0
  9405 | D:8      | Found a staircase to the Lair.
 10255 | D:9      | Noticed Erica
 10260 | D:9      | Killed Erica
 10261 | D:9      | Reached skill level 5 in Invocations
 10261 | D:9      | Reached skill level 5 in Evocations
 10331 | D:9      | Found a large runed translucent door.
 10331 | D:9      | Found a large runed translucent door.
 10335 | D:9      | Noticed a two-headed ogre
 10342 | D:9      | Killed a two-headed ogre
 10638 | D:9      | Noticed Maurice
 10641 | D:9      | Killed Maurice
 10778 | D:9      | Reached skill level 8 in Fighting
 10959 | D:9      | Found a large runed translucent door.
 10959 | D:9      | Found a large runed translucent door.
 10961 | D:9      | Noticed a boulder beetle
 10961 | D:9      | Noticed a manticore
 10980 | D:9      | Killed a manticore
 10982 | D:9      | Killed a boulder beetle
 10983 | D:9      | Reached XP level 11. HP: 60/82 MP: 0/0
 10983 | D:9      | Learned a level 5 spell: Bolt of Magma
 11348 | D:9      | Found a snail-covered altar of Cheibriados.
 11668 | D:9      | Noticed a two-headed ogre
 11672 | D:9      | Killed a two-headed ogre
 11673 | D:9      | Reached skill level 9 in Fighting
 11955 | D:10     | Entered Level 10 of the Dungeon
 12172 | D:10     | Found Wes Ceu's Book Shop.
 12653 | D:10     | Noticed Snorg
 12660 | D:10     | Killed Snorg
 12864 | D:10     | Reached *** piety under Makhleb
 12963 | D:10     | Noticed a two-headed ogre
 12966 | D:10     | Killed a two-headed ogre
 12967 | D:10     | Reached skill level 10 in Fighting
 13454 | D:11     | Noticed a cyclops
 13460 | D:11     | Killed a cyclops
 13612 | D:11     | Found a staircase to the Orcish Mines.
 13710 | D:11     | Noticed Grum
 13715 | D:11     | Killed Grum
 13716 | D:11     | Reached XP level 12. HP: 76/92 MP: 0/0
 13839 | D:11     | Noticed a two-headed ogre
 13845 | D:11     | Killed a two-headed ogre
 14325 | D:11     | Noticed Nergalle
 14329 | D:11     | Killed Nergalle
 14393 | D:11     | Reached skill level 10 in Spellcasting
 14398 | D:11     | Reached skill level 11 in Fighting
 14398 | D:11     | Reached skill level 10 in Armour
 14517 | D:12     | Noticed Kirke
 14517 | D:12     | Noticed a boulder beetle
 14593 | D:12     | Killed Kirke
 14865 | D:12     | Identified the +2 scale mail of Syndicalism {rCorr SInv}
 14875 | D:12     | Reached **** piety under Makhleb
 15025 | D:12     | Found a blossoming altar of Fedhas.
 15145 | D:12     | Reached skill level 12 in Fighting
 15331 | D:12     | Killed a boulder beetle
 15479 | D:12     | Identified the +8 trident "Ubotugi" {pain, rF+ rCorr}
 15959 | D:12     | Noticed a two-headed ogre
 15964 | D:12     | Killed a two-headed ogre
 16093 | Lair:1   | Entered Level 1 of the Lair of Beasts
 16258 | Lair:1   | Reached skill level 1 in Shields
 16338 | Lair:1   | Reached XP level 13. HP: 96/101 MP: 0/0
 16338 | Lair:1   | Learned a level 5 spell: Metabolic Englaciation
 16854 | Lair:1   | You are sucked into a shaft and drop 1 floor!
 19019 | Lair:3   | Reached ***** piety under Makhleb
 20651 | Lair:4   | Found a staircase to the Shoals.
 20929 | Lair:4   | Found a hole to the Spider Nest.
 21225 | Lair:5   | Reached XP level 14. HP: 104/107 MP: 0/0
 21457 | Lair:5   | Reached skill level 5 in Shields
 21685 | Lair:5   | Identified the +9 hunting sling of Irritation {freeze, rF+
                  | Dex+6}
 23371 | D:13     | Found a transporter.
 23387 | D:13     | Found a transporter.
 23409 | D:13     | Reached skill level 13 in Fighting
 23539 | D:13     | Noticed Sonja
 23542 | D:13     | Killed Sonja
 23618 | D:13     | Reached ****** piety under Makhleb
 23808 | D:13     | Noticed Rupert
 23816 | D:13     | Paralysed by Rupert for 2 turns
 23819 | D:13     | Killed Rupert
 24281 | D:14     | Noticed Frances
 24287 | D:14     | Killed Frances
 24303 | D:14     | Reached XP level 15. HP: 60/116 MP: 0/0
 24303 | D:14     | Learned a level 6 spell: Dispersal
 24662 | D:14     | Noticed Louise
 24671 | D:14     | Killed Louise
 25100 | D:14     | Noticed a tengu reaver
 25106 | D:14     | Killed a tengu reaver
 25107 | D:14     | Reached skill level 14 in Fighting
 25287 | D:14     | Identified the Collected Works on Translocation and
                  | Intoxication
 25288 | D:14     | Identified the +1 spear "Imuow" {speed, Str+3}
 25332 | D:14     | Found Syzeseg's Superlative Supplies.
 25847 | D:14     | Found a gate to the Vaults.
 26418 | D:15     | Entered Level 15 of the Dungeon
 27075 | D:15     | Found Ysipt's Armour Emporium.
 27115 | D:15     | Reached skill level 1 in Slings
 27203 | D:15     | Identified the ring of Jiguaxar {rF+ Will+ Str+9 Int-3
                  | Slay+3}
 27485 | D:15     | Found Qehoj's Weapon Emporium.
 27626 | D:15     | Identified the ring of Vehumet's Supremacy {Will+ Dex+6}
 27834 | D:15     | Found Xyung's Book Emporium.
 28060 | D:15     | Identified the ring "Riaze" {rElec rC- rCorr EV+4 Dex+9}
 28335 | D:15     | Reached XP level 16. HP: 88/123 MP: 0/0
 28455 | D:15     | Identified the +3 spear of the Bespelling Fulmar {protect,
                  | rF+ Will+}
 28473 | D:15     | Reached skill level 10 in Invocations
 28474 | D:15     | Reached skill level 10 in Dodging
 28905 | D:15     | Reached skill level 5 in Slings
 29023 | D:15     | Found a staircase to the Depths.
 29598 | D:15     | Found a transporter.
 29848 | D:15     | Found a transporter.
 30245 | Orc:1    | Entered Level 1 of the Orcish Mines
 30523 | Orc:2    | Entered Level 2 of the Orcish Mines
 30789 | Orc:2    | Found a staircase to the Elven Halls.
 31026 | Orc:1    | Identified the +0 hat of Disguise {Harm rF+}
 32165 | Orc:2    | Found Yfaruzoi's General Store.
 32166 | Orc:2    | Found Saboil's Book Emporium.
 32168 | Orc:2    | Found Rule's Antique Armour Shoppe.
 32168 | Orc:2    | Found Rumaseff's Antique Weapon Shoppe.
 32173 | Orc:2    | Bought a shiny buckler for 180 gold pieces
 32183 | Orc:2    | Bought a scroll of identify for 28 gold pieces
 32514 | Orc:2    | Noticed Donald
 32519 | Orc:2    | Killed Donald
 33289 | Lair:6   | Entered Level 6 of the Lair of Beasts
 33379 | Lair:6   | Found a staircase to the Slime Pits.
 33379 | Lair:6   | Found a viscous altar of Jiyva.
 33414 | Lair:6   | Found a gate leading to a gauntlet.
 33423 | Gauntlet | Entered a Gauntlet
 33423 | Gauntlet | Found a transporter.
 33423 | Gauntlet | Found a transporter.
 33427 | Gauntlet | Found a transporter.
 33427 | Gauntlet | Found a transporter.
 33427 | Gauntlet | Found a transporter.
 33427 | Gauntlet | Found a transporter.
 33437 | Gauntlet | Found a transporter.
 33441 | Gauntlet | Found a transporter.
 33451 | Gauntlet | Found a transporter.
 33558 | Gauntlet | Found a transporter.
 33558 | Gauntlet | Found a transporter.
 33570 | Gauntlet | Found a transporter.
 33741 | Gauntlet | Identified the ring of Bicynax {*Slow rPois Str+3 Int+6
                  | SInv}
 33982 | Gauntlet | Identified the Volume of the Virous Escort
 33985 | Gauntlet | Identified the ring of Conformity {*Slow Will++ EV+4}
 34549 | Lair:6   | Reached XP level 17. HP: 129/129 MP: 0/0
 34549 | Lair:6   | Learned a level 7 spell: Malign Gateway
 35719 | Elf:1    | Entered Level 1 of the Elven Halls
 36652 | Elf:1    | Acquired a staff of earth
 37102 | Elf:1    | Identified the +3 scale mail "Ugatoiv" {Contam Regen+ rCorr
                  | SInv}
 37362 | Elf:1    | Reached skill level 10 in Slings
 37947 | Elf:2    | Identified the +11 scimitar "Zuasidd" {vorpal, Will- Int+5
                  | Dex+3}
 37991 | Elf:2    | Reached skill level 10 in Shields
 38168 | Elf:2    | Found a runed translucent gate.
 38168 | Elf:2    | Found a runed translucent gate.
 38179 | Elf:2    | Found a runed translucent gate.
 38397 | Elf:2    | Found a bloodstained altar of Trog.
 38549 | Elf:2    | Noticed a deep elf blademaster
 38559 | Elf:2    | Killed a deep elf blademaster
 38560 | Elf:2    | Reached XP level 18. HP: 79/136 MP: 0/0
 39461 | Elf:2    | Reached skill level 15 in Fighting
 39982 | Elf:3    | Entered Level 3 of the Elven Halls
 40260 | Elf:3    | Found the amulet of the Air {Inacc Fly rElec EV+5 RMsl}
 40850 | Elf:3    | Identified the +6 hunting sling "Vewuureoq" {venom, rF+
                  | Will+}
 42073 | Elf:3    | Identified the +2 morningstar of the Dripping Dragonfly
                  | {elec, rF+ Str+4}
 42080 | Elf:3    | Noticed a Tzitzimitl
 42088 | Elf:3    | Noticed a deep elf blademaster
 42399 | Elf:3    | Killed a deep elf blademaster
 42479 | Elf:3    | Identified the +5 demon blade of the Lost Youths {freeze,
                  | Will+ Int+4 Dex+4 Stlth-}
 42561 | Elf:3    | Noticed a deep elf master archer
 42572 | Elf:3    | Killed a deep elf master archer
 42862 | Elf:3    | Found the +3 Elemental Staff {rElec rF++ rC++ Will++ AC+5}
 42880 | Elf:3    | Identified the +4 longbow of Red Responsibility {flame,
                  | Will++ Int-5}
 42971 | Elf:3    | Found the +3 giant club "Skullcrusher" {speed, Str+7}
 42971 | Elf:3    | Noticed a deep elf master archer
 42971 | Elf:3    | Noticed a deep elf blademaster
 42975 | Elf:3    | Killed a deep elf master archer
 42976 | Elf:3    | Reached skill level 16 in Fighting
 42978 | Elf:3    | Killed a deep elf blademaster
 43137 | Elf:3    | Identified the ring of Zawaweir {Ice Str+4 Dex+4 Slay+3}
 43143 | Elf:3    | Identified the ring of Luokh {rF- rN+ MP+9 Slay+3 SInv}
 43148 | Elf:3    | Identified The Catalogue of Greatest Risks and Utility
 43160 | Elf:3    | Identified the ring of Vanity {rPois rF+}
 43176 | Elf:3    | Identified the +6 hunting sling "Sutel" {flame, rN+ rCorr
                  | Stlth-}
 43178 | Elf:3    | Identified the +0 helmet of the Maze {rF++ Dex+4}
 43179 | Elf:3    | Identified the +8 quarterstaff of Duty {flame, rN+ Str+5
                  | Dex+3}
 44140 | Lair:1   | Upgraded the game from 0.27-a0-1140-g099f9bb0e8 to
                  | 0.27-a0-1147-gb3d8e82157
 44240 | Spider:1 | Entered Level 1 of the Spider Nest
 44644 | Spider:1 | Reached XP level 19. HP: 137/145 MP: 0/0
 44644 | Spider:1 | Learned a level 6 spell: Statue Form
 45254 | Spider:1 | Found the +8 storm bow {elec, penet}
 47743 | Spider:4 | Entered Level 4 of the Spider Nest
 47980 | Spider:3 | Upgraded the game from 0.27-a0-1147-gb3d8e82157 to
                  | 0.27-a0-1149-g4505690ab0
 47980 | Spider:3 | Reached XP level 20. HP: 151/151 MP: 0/0
 49438 | Spider:4 | Acquired the +0 buckler of Action {Will+ Str+2 Dex+2}
 50303 | Spider:4 | Reached skill level 1 in Staves
 50432 | Spider:4 | Got a gossamer rune of Zot
 50550 | Shoals:1 | Entered Level 1 of the Shoals
 50911 | Shoals:1 | Reached XP level 21. HP: 135/157 MP: 0/0
 50911 | Shoals:1 | Learned a level 8 spell: Borgnjor's Revivification
 51077 | Shoals:1 | Noticed Jorgrun
 51085 | Shoals:1 | Killed Jorgrun
 52090 | Shoals:2 | Identified the +6 halberd of Qudwovah {pain, Str+2}
 52987 | Shoals:3 | Reached skill level 10 in Evocations
 53706 | Shoals:4 | Entered Level 4 of the Shoals
 54260 | Shoals:4 | Identified the +3 pair of gloves of Basok {rPois rC+ Int+4}
 54580 | Shoals:4 | Got a barnacled rune of Zot
 55327 | Vaults:1 | Entered Level 1 of the Vaults
 55687 | Vaults:1 | Reached XP level 22. HP: 128/164 MP: 0/0
 55849 | Vaults:1 | Noticed Nikola
 55861 | Vaults:1 | Killed Nikola
 56329 | Vaults:1 | Acquired a manual of Shields
 57040 | Vaults:1 | Found Mouxt's Armour Emporium.
 59001 | Vaults:2 | Noticed Bai Suzhen
 59011 | Vaults:2 | Killed Bai Suzhen
 59557 | Vaults:2 | Reached skill level 15 in Shields
 60414 | Vaults:2 | Noticed Sojobo
 60435 | Vaults:2 | Killed Sojobo
 60778 | Vaults:2 | Reached skill level 17 in Fighting
 60831 | Vaults:2 | Reached XP level 23. HP: 113/173 MP: 0/0
 60831 | Vaults:2 | Learned a level 8 spell: Disjunction
 62260 | Vaults:3 | Found a staircase to the Crypt.
 62260 | Vaults:3 | Found a basalt altar of Yredelemnul.
 62294 | Vaults:3 | Reached skill level 18 in Fighting
 62465 | Vaults:3 | Reached skill level 1 in Throwing
 63359 | Vaults:3 | Noticed Boris
 63365 | Vaults:3 | Noticed Aizul
 63374 | Vaults:3 | Killed Boris
 63378 | Vaults:3 | Killed Aizul
 64551 | Vaults:4 | Reached skill level 15 in Dodging
 64591 | Vaults:4 | Reached skill level 5 in Throwing
 64734 | Vaults:4 | Reached XP level 24. HP: 173/181 MP: 0/0
 65329 | Vaults:4 | Identified the +4 short sword "Killer Klown's Death"
                  | {freeze, *Noise rElec rF+ Str+5}
 65340 | Vaults:4 | Noticed Xtahua
 65345 | Vaults:4 | Noticed Frederick
 65347 | Vaults:4 | Killed Xtahua
 65352 | Vaults:4 | Killed Frederick
 65779 | Depths:1 | Entered Level 1 of the Depths
 65779 | Depths:1 | Found a one-way gate to the infinite horrors of the Abyss.
 66186 | Depths:1 | Found a one-way gate leading to the halls of Pandemonium.
 66198 | Depths:1 | Noticed Boris
 66204 | Depths:1 | Killed Boris
 66386 | Depths:1 | Found Bolegh's Armour Shop.
 66441 | Depths:1 | Found a broken altar of Ashenzari.
 66490 | Depths:1 | Found a gateway to Hell.
 66876 | Depths:2 | Found a glowing golden altar of the Shining One.
 67121 | Depths:2 | Reached skill level 15 in Invocations
 67402 | Depths:2 | Identified the +8 morningstar of the Orcish Mines {holy,
                  | *Noise rPois Will+ Str+3}
 67582 | Depths:2 | Found Femune's Fabulous Fripperies.
 67588 | Depths:2 | Bought a manual of Fighting for 2208 gold pieces
 68762 | Slime:1  | Entered Level 1 of the Pits of Slime
 68954 | Slime:1  | Gained mutation: You are clumsy. (Dex -2) [a shining eye]
 68955 | Slime:1  | Gained mutation: You tend to lose your temper in combat. [a
                  | shining eye]
 68957 | Slime:1  | Gained mutation: Armour fits poorly on your strangely
                  | shaped body. [a shining eye]
 69089 | Lair:1   | Lost mutation: You are clumsy. (Dex -2) [potion of
                  | mutation]
 69089 | Lair:1   | Lost mutation: You tend to lose your temper in combat.
                  | [potion of mutation]
 69089 | Lair:1   | Lost mutation: Armour fits poorly on your strangely shaped
                  | body. [potion of mutation]
 69089 | Lair:1   | Gained mutation: You sometimes lose the ability to read
                  | scrolls when taking damage. [potion of mutation]
 69225 | Slime:1  | Reached XP level 25. HP: 187/187 MP: 0/0
 69225 | Slime:1  | Learned a level 8 spell: Chain Lightning
 70286 | Slime:5  | Entered Level 5 of the Pits of Slime
 71226 | Slime:5  | Noticed the Royal Jelly
 71234 | Slime:5  | Killed the Royal Jelly
 71632 | Slime:5  | Gained mutation: Your muscles are strong. (Str +2) [a
                  | shining eye]
 71708 | Slime:5  | Identified the +0 leather armour of the Game Afoot {+Inv
                  | rElec Dex+2 Slay+2}
 71713 | Slime:5  | Got a slimy rune of Zot
 71721 | Slime:5  | Identified the +6 halberd of a bailey {protect, Drain Int+2
                  | SInv}
 71753 | Slime:5  | Identified The Grimoire of Greatest Risks and Utility
 72208 | Lair:1   | Lost mutation: Your muscles are strong. (Str +2) [potion of
                  | mutation]
 72208 | Lair:1   | Lost mutation: You sometimes lose the ability to read
                  | scrolls when taking damage. [potion of mutation]
 72208 | Lair:1   | Gained mutation: You are clumsy. (Dex -2) [potion of
                  | mutation]
 72208 | Lair:1   | Gained mutation: Your body sometimes deteriorates upon
                  | taking damage. [potion of mutation]
 72209 | Lair:1   | Lost mutation: You are clumsy. (Dex -2) [potion of
                  | mutation]
 72209 | Lair:1   | Lost mutation: Your body sometimes deteriorates upon taking
                  | damage. [potion of mutation]
 72209 | Lair:1   | Gained mutation: You tend to lose your temper in combat.
                  | [potion of mutation]
 72209 | Lair:1   | Gained mutation: Your flesh is almost immune to the effects
                  | of heat. (rF+++) [potion of mutation]
 72210 | Lair:1   | Lost mutation: You tend to lose your temper in combat.
                  | [potion of mutation]
 72210 | Lair:1   | Lost mutation: Your flesh is almost immune to the effects
                  | of heat. (rF+++) [potion of mutation]
 72210 | Lair:1   | Gained mutation: You are partially covered in iridescent
                  | scales. (AC +2) [potion of mutation]
 72210 | Lair:1   | Gained mutation: Your body sometimes deteriorates upon
                  | taking damage. [potion of mutation]
 72210 | Lair:1   | Gained mutation: You tend to lose your temper in combat.
                  | [potion of mutation]
 72210 | Lair:1   | Gained mutation: Your mind is acute. (Int +2) [potion of
                  | mutation]
 72522 | Depths:3 | Reached skill level 15 in Spellcasting
 72665 | Depths:3 | Found a gateway to a ziggurat.
 73269 | Depths:3 | Reached XP level 26. HP: 190/195 MP: 0/0
 73725 | Depths:4 | Reached skill level 19 in Fighting
 73945 | Depths:4 | Identified the +1 leather armour of Fuzxourchue {Rampage
                  | rCorr Int+3}
 74006 | Depths:4 | Found a transporter.
 74543 | Depths:4 | Found Emuqecing's Mayhem Merchandise.
 74571 | Depths:4 | Found a runed translucent gate.
 74572 | Depths:4 | Found a runed translucent gate.
 74573 | Depths:4 | Found a runed translucent gate.
 74577 | Depths:4 | Noticed Caetesh's ghost (master GnFi)
 74633 | Depths:4 | Killed Caetesh's ghost
 74634 | Depths:4 | Reached skill level 20 in Fighting
 75094 | Depths:4 | Found a transporter.
 75125 | Depths:4 | Identified the +1 robe "Idgheiss" {rCorr Int+6 Stlth-}
 75183 | Depths:5 | Entered Level 5 of the Depths
 75335 | Depths:5 | Found Aczed's Armour Shop.
 75578 | Depths:5 | Found a gate to the Realm of Zot.
 75698 | Depths:5 | Reached XP level 27. HP: 197/207 MP: 0/0
 75698 | Depths:5 | Learned a level 9 spell: Death's Door
 76589 | Depths:5 | Identified the ring of Ucvicvint {rC+ AC+4 Str+2 Int+2
                  | Dex+2}
 76908 | Lair:1   | Upgraded the game from 0.27-a0-1149-g4505690ab0 to
                  | 0.27-a0-1154-gfdeffcb720
 77265 | Vaults:5 | Entered Level 5 of the Vaults
 77266 | Vaults:5 | Noticed a dread lich
 77269 | Vaults:5 | Noticed an ancient lich
 77270 | Vaults:5 | Reached skill level 21 in Fighting
 77339 | Vaults:4 | Killed a dread lich
 77369 | Vaults:5 | Noticed a dread lich
 77374 | Vaults:4 | Killed an ancient lich
 77455 | Vaults:5 | Noticed an ancient lich
 77460 | Vaults:4 | Killed a dread lich
 77560 | Vaults:4 | Killed an ancient lich
 77881 | Vaults:5 | Identified the +8 dagger "Keerypp" {pain, rPois rC+}
 78085 | Vaults:5 | Found Utuss's Jewellery Boutique.
 78265 | Vaults:5 | Identified the ring "Ceshyuc" {Fire +Blink Int+4}
 78268 | Vaults:5 | Reached skill level 22 in Fighting
 78377 | Vaults:5 | Lost mutation: Your body sometimes deteriorates upon taking
                  | damage. [potion of mutation]
 78377 | Vaults:5 | Lost mutation: You are partially covered in iridescent
                  | scales. (AC +2) [potion of mutation]
 78377 | Vaults:5 | Lost mutation: Your mind is acute. (Int +2) [potion of
                  | mutation]
 78377 | Vaults:5 | Gained mutation: Your body sometimes deteriorates upon
                  | taking damage. [potion of mutation]
 78377 | Vaults:5 | Gained mutation: You have a pair of small horns on your
                  | head. [potion of mutation]
 78378 | Vaults:5 | Lost mutation: You tend to lose your temper in combat.
                  | [potion of mutation]
 78378 | Vaults:5 | Lost mutation: You have a pair of small horns on your head.
                  | [potion of mutation]
 78378 | Vaults:5 | Gained mutation: You are strong-willed. (Will+) [potion of
                  | mutation]
 78378 | Vaults:5 | Gained mutation: You possess an exceptional clarity of
                  | mind. [potion of mutation]
 78378 | Vaults:5 | Gained mutation: You passively map a small area around you.
                  | [potion of mutation]
 78499 | Vaults:5 | Reached skill level 5 in Staves
 78861 | Vaults:5 | Noticed an ancient lich
 78888 | Vaults:5 | Killed an ancient lich
 79183 | Vaults:5 | Noticed an ancient lich
 79200 | Vaults:5 | Killed an ancient lich
 79205 | Vaults:5 | Noticed a dread lich
 79577 | Vaults:5 | Killed a dread lich
 79633 | Vaults:5 | Identified the +1 robe of True Grit {Harm Fly rElec Slay-6}
 79641 | Vaults:5 | Got a silver rune of Zot
 80439 | Zot:1    | Entered Level 1 of the Realm of Zot
 80696 | Zot:1    | Identified the +7 scythe of Slow Death {flame, rPois rC+
                  | rCorr}
 81115 | Zot:1    | Found the +4 dragonskin cloak
 81115 | Zot:1    | Noticed Tiamat
 82817 | Zot:1    | Reached skill level 15 in Armour
 83208 | Zot:1    | Reached skill level 10 in Staves
 83236 | Zot:1    | Killed Tiamat
 84976 | Zot:2    | Identified the ring "Lamninwa" {Will+ MP+9}
 85416 | Zot:2    | Identified the +11 long sword of Oceut {vorpal, rC+ Will+++
                  | Str-5 SInv}
 85465 | Zot:2    | Identified the +8 dire flail of Defence {freeze, SInv}
 89771 | Zot:4    | Identified the +1 hand axe of Ziushror {venom, rPois}
 91019 | Zot:4    | Identified the +0 helmet of Objectivity {rC+ Slay+4}
 91179 | Zot:5    | Entered Level 5 of the Realm of Zot
 91756 | Zot:5    | Noticed a Killer Klown
 91768 | Zot:5    | Killed a Killer Klown
 92062 | Zot:5    | Noticed an ancient lich
 92070 | Zot:5    | Killed an ancient lich
 92193 | Zot:5    | Noticed an orb of fire
 92194 | Zot:5    | Noticed an ancient lich
 92197 | Zot:5    | Noticed a Killer Klown
 92203 | Zot:5    | Noticed an orb of fire
 92204 | Zot:5    | Noticed an orb of fire
 92205 | Zot:5    | Noticed an orb of fire
 92209 | Zot:5    | Noticed an orb of fire
 92210 | Zot:5    | Killed an orb of fire
 92212 | Zot:5    | Killed an orb of fire
 92212 | Zot:5    | Noticed a Killer Klown
 92512 | Zot:5    | Gained mutation: You have a pair of small antennae on your
                  | head. [an orb of fire]
 92514 | Zot:5    | Killed an orb of fire
 92664 | Zot:5    | Gained mutation: You are dopey. (Int -2) [an orb of fire]
 92677 | Zot:5    | Killed an orb of fire
 92684 | Zot:5    | Killed an orb of fire
 92717 | Zot:5    | Killed a Killer Klown
 92800 | Zot:5    | Killed an ancient lich
 93457 | Zot:5    | Noticed an ancient lich
 93462 | Zot:5    | Killed an ancient lich
 93725 | Zot:5    | Killed a Killer Klown
 94862 | Zot:5    | Reached skill level 23 in Fighting
 94926 | Zot:5    | Got the Orb of Zot
 95316 | D:13     | Noticed Vasoenea the pandemonium lord
 95322 | D:13     | Killed Vasoenea the pandemonium lord
 95698 | D:$      | Escaped with the Orb!

Illustrated notes

Levels and vault maps discovered:
D:1:      eino_arrival_druids_welcome, layout_basic, hangedman_decor_growths
D:2:      layout_loops_ring
D:3:      layout_basic, overflow_temple_1_default,
          nicolae_gozag_cash_rules_everything_around_me, minmay_checkerbox
D:4:      layout_loops_corners, nicolae_uskayaw_dance_hall,
          nemelex_spade_bored_becter, minmay_temple_entry_crystal_x,
          enter_ossuary_1, minmay_fractal_squares_gapless_5, uniq_duvessa,
          uniq_eustachio, uniq_robin
D:5:      layout_loops_ring, bloody_makhleb, nicolae_qazlal_scattered_showers,
          nicolae_overflow_hidden_temple
D:6:      layout_rooms, marbit_many_paths, nicolae_yredelemnul_ghost_church,
          overflow_temple_1_default
D:7:      layout_cave_pools, nicolae_overflow_crystal_walls
D:8:      layout_basic, lair_entry_dummy, special_room [special_room_orc],
          roderic_roman_lattice, kennysheep_potato
D:9:      layout_basic, lemuel_crystal_altar, minmay_misc_feat_encased,
          minmay_hollow_rounded_squares, uniq_erica, uniq_maurice
D:10:     layout_cave_pools, serial_shops, shop, uniq_snorg
D:11:     layout_roguey, orc_0_dummy, uniq_nergalle, uniq_grum
D:12:     layout_stronghold, grunt_decor_resistance,
          fedhas_bush_and_centaur_altar, uniq_kirke
D:13:     gammafunk_wand_slinger, layout_basic, chequers_serial_rivers_room_a,
          chequers_mini_garden, uniq_rupert, uniq_sonja
D:14:     layout_gridville, hangedman_vaults_entry_quadrant_bands, minivault_24,
          nicolae_alphabet_shops, minmay_radiant, uniq_louise, uniq_frances
D:15:     hangedman_spin_cycle
Temple:   eino_temple_lava
Lair:1:   layout_chaotic_city
Lair:2:   layout_gridlike, lemuel_fruit_fields, grunt_megastairs_5
Lair:3:   layout_regular_city, wad_woods_river_01
Lair:4:   layout_gridlike, minmay_shoals_entry_beasts,
          spider_nest_entry_web_field, kennysheep_rathole
Lair:5:   layout_gridlike, lemuel_fruit_tree
Lair:6:   evilmike_catoblepas_cave, layout_loops_ring, slime_altar_1,
          gauntlet_entry_generic, st_stairs_7
Shoals:1: layout_shoals, uniq_jorgrun
Shoals:2: layout_shoals, nicolae_shoals_circle_sea_wall,
          nicolae_shoals_drake_roost
Shoals:3: layout_shoals
Shoals:4: shoals_end_grunt_ice, layout_shoals
Spider:1: layout_spider_delve
Spider:2: layout_spider_delve, drop_trap
Spider:3: cheibrodos_spider_silkery
Spider:4: grunt_spider_rune_island, hangedman_spider_tarantella_strand
Slime:1:  layout_caves, cheibrodos_slime_lost_civilization_5
Slime:2:  layout_caves
Slime:3:  layout_caves
Slime:4:  layout_caves
Slime:5
Orc:1:    layout_caves, hangedman_minor_magic
Orc:2:    st_orc_congregation, layout_caves, minmay_orc_temple_c, uniq_donald
Elf:1:    minmay_elf_arrival_summoners, layout_loops_cross,
          minmay_elf_demonology
Elf:2:    layout_onion_city, evilmike_spriggan_trog_shrine
Elf:3:    elf_hall_gauntlet_wide, layout_geoelf_castle
Vaults:1: vaults_dpeg_doors, grunt_vaults_focal, ontoclasm_vaults_chip,
          vaults_dpeg_cross, nicolae_vaults_know_your_exits,
          nicolae_vaults_circle_grid_a, vaults_room_hallway, serial_ice_b,
          dpeg_vaults_monster_box, nicolae_vaults_border_crossing,
          grunt_vaults_hallway_short, nicolae_vaults_little_ls,
          layout_vaults_quadrants, serial_shops, shop, uniq_nikola
Vaults:2: st_diamondy, nicolae_vaults_network_s, v_pattern_3,
          ontoclasm_vaults_tryst, v_misc_8, dpeg_vaults_monster_row,
          vaults_room_pools, v_misc_27, v_misc_19, vaults_room_ringed_pool,
          nicolae_vaults_shelves_hall, nicolae_vaults_specimen_jars, v_misc_13,
          v_rooms_5, vaults_mumra_hexcomb, ontoclasm_vaults_hangar,
          layout_vaults_omnibox, uniq_bai_suzhen, uniq_sojobo
Vaults:3: minmay_crypt_entry_necro_gods, nicolae_vaults_triangles,
          nicolae_vaults_mini_display_case, v_misc_33, grunt_vaults_twisty,
          v_alt_pattern_5, v_misc_29, nicolae_vaults_c_with_doors,
          ontoclasm_vaults_fault, ontoclasm_vaults_idyll, vaults_room_pool,
          layout_vaults_omnicross, uniq_aizul, uniq_boris
Vaults:4: hangedman_vaults_restitches, hangedman_vaults_capsules,
          v_alt_pattern_3, vaults_mumra_hex, v_misc_15, ontoclasm_vaults_eye,
          nicolae_vaults_yaktaur_gun_rack, vaults_dpeg_ring,
          layout_vaults_chaotic_city, uniq_xtahua, uniq_frederick
Vaults:5
Depths:1: layout_cave_pools, abyss_entry, pf_vacation_house_of_asmodeus,
          serial_shops, shop, infiniplex_enter_wizlab_glasses, pan_entry,
          hangedman_decor_peaks_small, ashenzari_conservatory_becter
Depths:2: minmay_crescents, layout_gridlike, nicolae_tso_carved_into_rock,
          hell_entry, nicolae_alphabet_shops, minmay_staircase_windowed_large
Depths:3: mu_elemental_laboratory, layout_gridlike, enter_ziggurat_e,
          hellmouth_1, chequers_serial_rivers_micro_d, pan_entry,
          infiniplex_staircase_pool_lava
Depths:4: gammafunk_sealed_library, layout_cave_shapes, abyss_entry_crystal,
          gammafunk_ghost_necromancy, pan_entry, pf_coc_iceberg,
          serial_bayou_pond_d, minmay_shop_mayhem, minmay_misc_feat_chi,
          minmay_staircase_statues
Depths:5: evilmike_zot_entry_diamond, layout_long_grid, serial_shops, shop,
          hell_entry, rand_demon_pan_entry_9, abyss_entry, minmay_orc_keep
Zot:1:    layout_cathedral_of_symmetry, grunt_megastairs_4, uniq_tiamat
Zot:2:    minmay_elemental_castle, layout_basic, st_small_dragon_hoard_4
Zot:3:    layout_misc_corridors, grunt_megastairs_3
Zot:4:    layout_misc_corridors, evilmike_ambush [evilmike_ambush_outer_corners,
          evilmike_ambush_inner_pond]
Zot:5:    layout_twisted_circle

Skill      XL: |  1  2  3  4  5  6  7  8  9 10 11 12 13 14 15 16 17 18 19 20 21 22 23 24 25 26 27 |
---------------+----------------------------------------------------------------------------------+-----
Fighting       | 1 2 3 4 6 7 8 10 12 13 14 16 17 18 20 23 | 23.3
Spellcasting   | 3 4 5 7 8 9 10 11 12 12 13 14 15 16 20 | 20.0
Armour         | 3 5 7 9 12 13 14 18 | 18.0
Dodging        | 3 5 9 12 13 14 15 17 18 21 | 21.8
Invocations    | 4 5 6 7 9 12 13 14 15 | 15.0
Evocations     | 3 5 7 9 11 12 14 | 14.0
Shields        | 1 4 7 10 11 13 15 18 | 18.0
Slings         | 4 8 10 11 12 | 12.0
Staves         | 3 4 12 | 12.0
Throwing       | 5 6 |  6.2
Stealth        | |  1.5

Action                   |  1- 3 |  4- 6 |  7- 9 | 10-12 | 13-15 | 16-18 | 19-21 | 22-24 | 25-27 || total
-------------------------+-------+-------+-------+-------+-------+-------+-------+-------+-------++-------
Melee: Unarmed           |     1 |       |       |       |       |       |       |       |       ||     1
       Short sword       |    36 |     9 |       |       |       |       |       |       |       ||    45
       Dagger            |       |     3 |     3 |       |       |       |       |       |       ||     6
       Falchion          |       |       |    71 |    44 |    45 |       |       |       |       ||   160
       Staff             |       |       |       |       |       |     6 |   107 |    87 |   151 ||   351
       Hunting sling     |       |       |       |       |       |       |     1 |       |       ||     1
 Fire: Hunting sling     |       |       |       |       |    50 |   298 |   218 |   116 |   108 ||   790
Throw: Stone             |     1 |       |       |       |       |       |       |       |       ||     1
       Boomerang         |       |       |     3 |     6 |     4 |       |       |       |       ||    13
       Javelin           |       |       |       |       |       |       |       |       |    44 ||    44
       Throwing net      |       |       |       |       |       |       |       |       |     1 ||     1
 Cast: Sting             |    45 |    19 |     1 |       |       |       |       |       |       ||    65
       Poisonous Vapours |     8 |    14 |    52 |    18 |     2 |       |       |       |       ||    94
       Ignite Poison     |       |     8 |    56 |   124 |   261 |   346 |   338 |   345 |   251 ||  1729
       Mephitic Cloud    |       |     3 |    10 |    19 |    23 |     5 |     3 |     2 |       ||    65
       Olgreb's Toxic Ra |       |       |    24 |    67 |   149 |   194 |   170 |   152 |   127 ||   883
       Call Imp          |       |       |     3 |     2 |     1 |       |     2 |       |       ||     8
       Animate Dead      |       |       |     1 |     1 |     1 |     3 |    11 |     1 |     2 ||    20
       Bolt of Magma     |       |       |       |     2 |    58 |   131 |    46 |   162 |   810 ||  1209
       Metabolic Englaci |       |       |       |       |     1 |       |     1 |     1 |     4 ||     7
       Portal Projectile |       |       |       |       |     1 |       |     5 |     3 |     2 ||    11
       Dispersal         |       |       |       |       |       |     3 |     3 |     3 |     6 ||    15
       Malign Gateway    |       |       |       |       |       |     1 |     6 |    10 |     6 ||    23
       Statue Form       |       |       |       |       |       |       |     1 |       |     1 ||     2
       Chain Lightning   |       |       |       |       |       |       |       |       |    65 ||    65
       Disjunction       |       |       |       |       |       |       |       |       |     5 ||     5
Invok: Lesser Servant of |       |       |       |       |     1 |       |       |       |       ||     1
       Greater Servant o |       |       |       |       |       |       |       |       |     1 ||     1
Evoke: Wand              |       |       |       |       |     2 |       |     2 |       |    18 ||    22
       Condenser vane    |       |       |       |       |       |     1 |       |       |       ||     1
       Phantom mirror    |       |       |       |       |       |       |       |     1 |     1 ||     2
       Lightning rod     |       |       |       |       |       |       |       |       |     4 ||     4
       Box of beasts     |       |       |       |       |       |       |       |       |     1 ||     1
  Use: Scroll            |       |     3 |    12 |     3 |    11 |     6 |     1 |    10 |    10 ||    56
       Potion            |       |     1 |       |       |     2 |     1 |     1 |     2 |    12 ||    19
 Stab: Sleeping          |       |       |     1 |       |       |       |       |       |     2 ||     3
       Confused          |       |       |       |       |     1 |       |       |       |       ||     1
       Distracted        |       |       |       |       |       |       |     2 |       |       ||     2
Armor: Robe              |    13 |     5 |     9 |       |       |       |       |       |       ||    27
       Acid dragon scale |       |       |    25 |    95 |    81 |    60 |   136 |    74 |   335 ||   806
       Skin              |       |       |       |       |       |       |    23 |       |     6 ||    29
Dodge: Dodged            |    19 |     9 |    54 |   103 |   180 |   217 |   534 |   155 |   576 ||  1847
Block: Buckler           |       |       |       |       |    82 |   105 |   257 |    14 |       ||   458
       Kite shield       |       |       |       |       |       |       |       |   175 |   605 ||   780
       Reflection        |       |       |       |       |       |       |       |    34 |    25 ||    59
       Rpst.: Falchion   |       |       |    18 |    16 |    16 |       |       |       |       ||    50

Table legend: (Time is in decaauts)
 A = Elapsed time spent in this place.
 B = Non-inter-level travel time spent in this place.
 C = Inter-level travel time spent in this place.
 D = Time resting spent in this place.
 E = Time spent auto-exploring this place.
 F = Levels seen in this place.
 G = Mean time per level.
                   A        B        C        D        E       F      G
               +--------+--------+--------+--------+--------+-----+--------+
         Total |  95872 |  85855 |  10017 |  37443 |  29290 |  56 | 1712.0 |
       Dungeon |  27574 |  23789 |   3785 |  11670 |   8583 |  15 | 1838.3 |
        Temple |     53 |     46 |      7 |      0 |     46 |   1 |   53.0 |
          Lair |  11302 |   9295 |   2007 |   2846 |   4225 |   6 | 1883.7 |
        Shoals |   4481 |   4279 |    202 |   1113 |   1916 |   4 | 1120.2 |
   Spider Nest |   5923 |   4952 |    971 |   2000 |   1785 |   4 | 1480.8 |
    Slime Pits |   2941 |   2914 |     27 |   1420 |    452 |   5 |  588.2 |
  Orcish Mines |   2974 |   2683 |    291 |    738 |   1198 |   2 | 1487.0 |
   Elven Halls |   7264 |   6555 |    709 |   2988 |   2443 |   3 | 2421.3 |
        Vaults |  12470 |  11826 |    644 |   5273 |   4451 |   5 | 2494.0 |
        Depths |   7798 |   7167 |    631 |   2743 |   2958 |   5 | 1559.6 |
           Zot |  12302 |  11563 |    739 |   6311 |   1079 |   5 | 2460.4 |
      Gauntlet |    784 |    784 |      0 |    337 |    154 |   1 |  784.0 |
               +--------+--------+--------+--------+--------+-----+--------+

Top non-repeatable levels by time:
    D:15: 4079 daAuts
   Zot:3: 3607 daAuts
   Zot:5: 3597 daAuts
Vaults:2: 3339 daAuts
  Lair:1: 3210 daAuts
     D:9: 3205 daAuts
    D:14: 2965 daAuts
   Elf:3: 2763 daAuts
Vaults:1: 2622 daAuts
Vaults:3: 2516 daAuts
     D:8: 2454 daAuts
   Elf:2: 2433 daAuts
   Zot:2: 2318 daAuts
Depths:5: 2212 daAuts
   Elf:1: 2067 daAuts
